AoeStats
← gnitaek

Arena

510182040Analyzed
4v4 RM · 3d ago on Sep 29, 2026· 73m 40s· 8 players
Game mode
Random Map
Map size
Large (8 player)
Population
200
Speed
Normal
Resources
Standard
Victory
Conquest
Starting age
Dark Age
Ending age
Imperial Age
RankedLock teamsTeams togetherTeam positionsShared explorationLock speedFull tech treeHidden civsTurbo modeCheats
Victory
Defeat
🇮🇪 Italians · Ireland
1311
+14
🇮🇪 Franks · Ireland
1228
+17
🇮🇪 Bohemians · Ireland
1227
+17
🇮🇪 Lithuanians · Ireland
1158
+20
🇮🇹 Burmese · Italy
1357
-21
🇮🇹 Malians · Italy
1275
-18
🇮🇹 Teutons · Italy
1198
-15
🇮🇹 Khmer · Italy
1176
-14
berserker-latko
10:31 Feudal Age
9:04 Loom
14:46 Castle Age
13:31 Double-Bit Axe
16:19 Gold Mining
17:40 Bow Saw
17:25 Stone Mining
18:51 Town Watch
25:45 Sanctity
25:26 Light Cavalry
26:13 Scale Barding Armor
29:50 Devotion
31:33 Chain Barding Armor
33:51 Forging
37:36 Imperial Age
38:12 Onager
40:17 Chemistry
42:38 Fletching
43:52 Bodkin Arrow
51:13 Iron Casting
58:23 Plate Barding Armor
59:24 Blast Furnace
61:41 Husbandry
61:58 Siege Engineers
gnitaek
7:31 Loom
10:49 Feudal Age
15:47 Castle Age
14:15 Horse Collar
17:15 Double-Bit Axe
18:30 Heavy Plow
18:57 Bow Saw
22:06 Wheelbarrow
22:23 Fletching
27:39 Chemistry
29:48 Hand Cart
34:07 Imperial Age
32:05 Pikeman
33:11 Scale Mail Armor
33:08 Bodkin Arrow
33:16 Padded Archer Armor
35:37 Town Watch
36:10 Chain Mail Armor
36:12 Leather Archer Armor
36:04 Squires
37:10 Wagenburg Tactics
37:28 Conscription
37:38 Heavy Scorpion
37:56 Houfnice
40:26 Siege Engineers
40:32 Masonry
40:44 Sanctity
43:57 Fervor
44:03 Block Printing
43:21 Halberdier
46:02 Architecture
45:42 Fortified Wall
45:54 Ballistics
51:23 Plate Mail Armor
51:25 Ring Archer Armor
51:06 Forging
55:09 Iron Casting
54:29 Bodkin Arrow
54:15 Capped Ram
55:41 Careening
55:30 Murder Holes
55:38 Arson
63:45 Guilds
Darkham
10:31 Feudal Age
9:18 Loom
14:38 Castle Age
13:07 Double-Bit Axe
17:54 Horse Collar
22:11 Wheelbarrow
25:59 Bloodlines
26:31 Scale Barding Armor
26:37 Forging
26:32 Husbandry
27:40 Hand Cart
31:30 Bow Saw
31:23 Heavy Plow
31:17 Stone Mining
31:17 Gold Mining
31:52 Chain Barding Armor
32:08 Iron Casting
34:28 Imperial Age
35:04 Cavalier
35:58 Town Watch
37:38 Paladin
50:28 Tower Shields
51:01 Coinage
51:27 Thumb Ring
51:09 Elite Skirmisher
51:44 Fletching
51:55 Padded Archer Armor
52:52 Caravan
55:17 Tower Shields
56:08 Bodkin Arrow
56:29 Leather Archer Armor
57:43 Chemistry
57:13 Ballistics
Runtime
10:15 Feudal Age
14:25 Castle Age
14:08 Double-Bit Axe
17:52 Wheelbarrow
17:59 Bow Saw
18:23 Horse Collar
22:22 Fletching
22:33 Padded Archer Armor
23:31 Thumb Ring
25:14 Ballistics
24:56 Bodkin Arrow
26:41 Loom
29:19 Hand Cart
32:34 Imperial Age
31:04 Masonry
31:11 Devotion
31:43 Town Watch
32:46 Elite Genoese Crossbowman
34:07 Bracer
34:22 Leather Archer Armor
35:10 Chemistry
37:19 Onager
71:18 Elite Skirmisher
75:16 Two-Man Saw
Tattico87
10:36 Feudal Age
14:19 Castle Age
14:50 Gold Mining
14:42 Horse Collar
15:55 Heavy Plow
18:00 Sanctity
19:14 Scale Mail Armor
21:08 Wheelbarrow
20:18 Loom
24:16 Redemption
25:22 Atonement
30:18 Hand Cart
30:56 Gold Shaft Mining
32:04 Town Watch
35:29 Imperial Age
32:25 Pikeman
33:05 Squires
33:24 Padded Archer Armor
33:15 Fletching
33:35 Forging
33:41 Chain Mail Armor
34:20 Ballistics
34:58 Bodkin Arrow
34:25 Elite Skirmisher
35:19 Masonry
36:16 Iron Casting
35:47 Halberdier
37:15 Plate Mail Armor
39:00 Chemistry
49:22 Blast Furnace
52:06 Siege Engineers
52:32 Architecture
51:41 Capped Ram
53:24 Bracer
56:29 Man-at-Arms
56:54 Gambesons
66:57 Long Swordsman
68:48 Two-Handed Swordsman
72:20 Champion
Zephir-Horakhti
12:50 Feudal Age
16:31 Castle Age
16:08 Double-Bit Axe
16:05 Horse Collar
16:17 Gold Mining
18:16 Bow Saw
21:35 Heavy Plow
23:27 Scale Barding Armor
25:54 Wheelbarrow
27:15 Hand Cart
27:53 Bloodlines
28:06 Chain Barding Armor
27:45 Loom
30:04 Stone Mining
32:27 Forging
33:39 Ballistics
33:30 Masonry
38:02 Imperial Age
36:28 Iron Casting
38:21 Cavalier
39:39 Plate Barding Armor
40:45 Crenellations
40:56 Siege Engineers
41:44 Paladin
42:23 Pikeman
43:04 Squires
43:57 Conscription
44:05 Conscription
43:09 Halberdier
45:38 Scale Mail Armor
46:39 Blast Furnace
46:43 Chain Mail Armor
47:49 Arson
50:27 Crop Rotation
51:50 Two-Man Saw
52:23 Ironclad
53:12 Fletching
53:53 Plate Mail Armor
53:23 Capped Ram
55:28 Elite Teutonic Knight
56:32 Bodkin Arrow
56:37 Padded Archer Armor
61:42 Chemistry
69:57 Fortified Wall
Mich
9:59 Feudal Age
10:34 Feudal Age
14:46 Castle Age
15:23 Double-Bit Axe
16:49 Bow Saw
19:10 Squires
19:39 Arson
24:11 Loom
25:02 Wheelbarrow
30:06 Horse Collar
33:17 Forging
33:08 Scale Mail Armor
33:14 Scale Barding Armor
33:48 Bloodlines
37:49 Imperial Age
36:32 Heavy Plow
36:51 Hand Cart
37:05 Chain Mail Armor
37:13 Chain Barding Armor
37:35 Husbandry
37:26 Man-at-Arms
38:08 Heavy Camel Rider
39:50 Plate Barding Armor
39:51 Iron Casting
40:47 Farimba
41:08 Conscription
41:53 Chain Mail Armor
43:09 Light Cavalry
44:22 Light Cavalry
52:44 Crop Rotation
54:33 Caravan
55:46 Guard Tower
56:10 Fortified Wall
58:26 Long Swordsman
59:15 Two-Handed Swordsman
61:30 Pikeman
62:38 Champion
dannythechef
11:41 Feudal Age
12:22 Double-Bit Axe
12:20 Horse Collar
14:33 Forging
14:57 Loom
19:47 Castle Age
17:41 Gold Mining
19:52 Bloodlines
20:14 Scale Barding Armor
23:12 Wheelbarrow
25:28 Heavy Plow
29:57 Imperial Age
29:52 Hand Cart
30:52 Stone Mining
31:42 Gold Shaft Mining
32:26 Iron Casting
34:35 Heavy Scorpion
35:45 Double Crossbow
36:25 Ballistics
39:21 Crop Rotation
39:04 Bow Saw
39:57 Chemistry
43:24 Conscription
43:43 Light Cavalry
45:25 Blast Furnace
46:02 Chain Barding Armor
46:28 Hussar
56:52 Plate Barding Armor
57:48 Husbandry
72:03 Siege Engineers
Connection lost

Rejoining the realm…

Still unreachable

The connection could not be restored.

Session expired

The server has moved on; the page needs a fresh start.